 Dungeon Crawl Stone Soup version 0.28.0-53-g5a82cb258f (webtiles) character file.

Game seed: 12913874508794771159

105 jiml777 the Digger (level 4, -4/24 HPs)
             Began as a Gargoyle Earth Elementalist on June 10, 2022.
             Slain by an iguana (12 damage)
             ... on level 3 of the Dungeon.
             The game lasted 00:07:50 (1899 turns).

jiml777 the Digger (Gargoyle Earth Elementalist)    Turns: 1899, Time: 00:07:50

Health: -4/24      AC:  6    Str: 12    XL:     4   Next: 83%
Magic:  8/8        EV: 12    Int: 17    God:
Gold:   111        SH:  5    Dex: 10    Spells: 7/8 levels left

rFire   . . .      SeeInvis .   v - +0 dagger (pain)
rCold   . . .      Faith    .   (no shield)
rNeg    + . .      Spirit   .   g - +1 robe of Too Many Cooks {Stlth+}
rPois   ∞          Reflect  +   (no helmet)
rElec   +          Harm     .   (no cloak)
rCorr   .          Rampage  .   (no gloves)
Will    .....                   (no boots)
Stlth   +++.......              p - amulet of reflection
HPRegen 0.08/turn               (no ring)
MPRegen 0.11/turn               (no ring)

@: no status effects
A: sickness immunity, AC +3, negative energy resistance 1, electricity
resistance, torment resistance 1, petrification resistance
a: no special abilities


You were on level 3 of the Dungeon.
You visited 1 branch of the dungeon, and saw 3 of its levels.

You collected 111 gold pieces.

Inventory:

Hand Weapons
 n - a +2 dagger of speed
 t - a +0 hunting sling
 v - a +0 dagger of pain (weapon)
Missiles
 a - 29 bolts
 c - 51 stones
 d - 16 arrows
Armour
 b - a +0 robe
 g - the +1 robe of Too Many Cooks (worn) {Stlth+}
   (You found it on level 2 of the Dungeon)

   Stlth:     It makes you more stealthy.
Jewellery
 p - an amulet of reflection (around neck)
Wands
 u - a wand of paralysis (5)
Scrolls
 j - a scroll of enchant weapon {unknown}
 l - a scroll of immolation {unknown}
 m - 2 scrolls of identify {unknown}
 o - a scroll of torment {unknown}
 q - 2 scrolls of magic mapping {unknown}
 s - a scroll of blinking {unknown}
Potions
 e - a potion of degeneration {unknown}
 f - a potion of heal wounds {unknown}
 h - a potion of attraction {unknown}
 i - a potion of brilliance {unknown}
 k - 3 potions of cancellation {unknown}
 r - a potion of mutation {unknown}


   Skills:
 + Level 0.3 Fighting
 + Level 0.8 Short Blades
 + Level 1.8 Dodging
 + Level 2.7 Stealth
 + Level 0.1 Unarmed Combat
 + Level 2.9 Spellcasting
 + Level 0.7 Transmutations
 + Level 5.0 Earth Magic


You had 7 spell levels left.
You knew the following spells:

 Your Spells              Type           Power      Damage    Failure   Level
a - Sandblast             Erth           38%        2d10      2%          1

Your spell library contained the following spells:

 Spells                   Type           Power      Damage    Failure   Level
 Passwall                 Tmut/Erth      10%        N/A       9%          2
 Pain                     Necr           8%         1d4       19%         1
 Stone Arrow              Conj/Erth      22%        3d8       19%         3
 Ensorcelled Hibernation  Hex/Ice        4%         N/A       26%         2
 Spider Form              Tmut/Pois      3%         N/A       41%         3
 Petrify                  Tmut/Erth      12%        N/A       47%         4
 Anguish                  Hex/Necr       1%         N/A       87%         4
 Agony                    Necr           2%         N/A       99%         5
 Excruciating Wounds      Necr           1%         N/A       99%         5


Dungeon Overview and Level Annotations

Branches:
Dungeon (3/15)

Altars:

Shops:
D:1 :


Innate Abilities, Weirdness & Mutations

You are immune to sickness and miasma.
Your stone body is resilient. (AC +3)
You are immune to poison.
You resist negative energy. (rN+)
You are resistant to electric shocks. (rElec)
You are resistant to unholy torment.
You are immune to petrification.


Message History

The blast of sand hits Ijyb but does no damage.
Ijyb is almost dead.
Ijyb misses you.
You hit Ijyb but do no damage.
Ijyb is almost dead.
Ijyb misses you.
You hit Ijyb.
You kill Ijyb!
Your Earth Magic skill increases to level 5!
u - a wand of paralysis (5);
k - 3 dark potions (gained 2)
Things that are here:
a +0 dagger of pain; a +0 ring mail; the goblin corpse of Ijyb
v - a +0 dagger of pain You have a feeling of ineptitude.
v - a +0 dagger of pain (weapon)
You start resting.
Magic restored.
You start resting.
HP restored.
Found a stone staircase leading up.
There is a stone staircase leading up here.
An iguana comes into view.
The iguana hisses angrily.
The iguana barely misses you.
You hit the iguana but do no damage. The iguana misses you.
You closely miss the iguana. The iguana misses you.
You closely miss the iguana. The iguana closely misses you.
You closely miss the iguana. You block the iguana's attack.
You closely miss the iguana. The iguana bites you!
You hit the iguana but do no damage. The iguana closely misses you.
You completely miss the iguana. The iguana barely misses you.
You closely miss the iguana. Your punch misses the iguana.
You barely miss the iguana. The iguana barely misses you.
You hit the iguana.
The iguana is lightly wounded.
The iguana bites you.
* * * LOW HITPOINT WARNING * * *
The iguana bites you!
Ouch! That really hurt!
You die...

# ## #. .#### ##
#.######.....#
#.##........# #.#
........l..+ #.#
#......@..#.#.#
#...#.......#.#
#...#.#######.#########
#.............[.......##
#.#####.#######.######....
#................# #....
#######.#######..# #....
#.# #..#####.... #.#
#...........


You could see an iguana.

Vanquished Creatures
  A centaur skeleton (D:2)
  Ijyb (D:3)
  2 adders
  A dart slug (D:1)
  An orc (D:3)
  An endoplasm (D:2)
  A giant cockroach (D:2)
  A goblin (D:3)
  4 hobgoblins
  3 jackals (D:1)
  4 kobolds
  2 quokkas
  2 ball pythons (D:1)
  A bat (D:1)
  3 frilled lizards
  6 rats
34 creatures vanquished.

Notes
Turn   | Place    | Note
-------+----------+-------------------------------------------
     0 | D:1      | jiml777 the Gargoyle Earth Elementalist began the quest for
                  | the Orb.
     0 | D:1      | Reached XP level 1. HP: 10/10 MP: 3/3
   119 | D:1      | You fall into a shaft and drop 1 floor!
   137 | D:2      | Identified the +1 robe of Too Many Cooks {Stlth+}
   169 | D:2      | Reached skill level 4 in Earth Magic
   223 | D:2      | Reached XP level 2. HP: 13/15 MP: 1/5
   223 | D:2      | Reached XP level 3. HP: 16/19 MP: 1/6
   432 | D:1      | Found Qipsor's Book Boutique.
  1221 | D:2      | Reached XP level 4. HP: 23/24 MP: 6/8
  1742 | D:3      | Noticed Ijyb
  1766 | D:3      | Paralysed by Ijyb for 3 turns
  1772 | D:3      | Killed Ijyb
  1773 | D:3      | Reached skill level 5 in Earth Magic
  1899 | D:3      | Slain by an iguana

Illustrated notes

Levels and vault maps discovered:
D:1:      dpeg_arrival_fog, layout_basic, serial_shops, shop, minmay_door_square
D:2:      layout_basic, fountainhead
D:3:      layout_basic, uniq_jessica, uniq_ijyb

Skill      XL: |  1  2  3  4 |
---------------+-------------+-----
Earth Magic    | 4 5 |  5.0
Fighting       | |  0.3
Short Blades   | |  0.8
Dodging        | |  1.8
Stealth        | |  2.7
Unarmed Combat | |  0.1
Spellcasting   | |  2.9
Transmutations | |  0.7

Action                   |  1- 3 |  4- 6 || total
-------------------------+-------+-------++-------
Melee: Dagger            |    55 |    39 ||    94
       Unarmed           |     3 |       ||     3
 Cast: Sandblast         |    12 |    18 ||    30
 Stab: Sleeping          |     4 |     2 ||     6
Armor: Robe              |    17 |     5 ||    22
Dodge: Dodged            |    33 |    15 ||    48
Block: Other             |       |     4 ||     4
